 Dungeon Crawl Stone Soup version 0.31-a0-358-gac0dbeb3ab (webtiles) character file.

Game seed: 15158067924139712489

19 AdnanSaban the Trooper (level 2, -2/19 HPs)
             Began as a Gargoyle Fighter on July 25, 2023.
             Slain by a quokka (3 damage)
             ... on level 1 of the Dungeon.
             The game lasted 00:00:39 (509 turns).

AdnanSaban the Trooper (Gargoyle Fighter)            Turns: 509, Time: 00:00:39

Health: -2/19      AC: 10    Str: 19    XL:     2   Next: 75%
Magic:  2/2        EV:  9    Int:  8    God:
Gold:   67         SH:  4    Dex:  9    Spells: 1/1 levels left

rFire   . . .        a - +0 flail
rCold   . . .        c - +0 buckler
rNeg    + . .        b - +0 scale mail
rPois   ∞            (no helmet)
rElec   +            (no cloak)
rCorr   .            f - +0 pair of gloves
SInv    .            (no boots)
Will    .....        (no amulet) Stlth
                     (no ring)
HPRegen 0.23/turn    (no ring)
MPRegen 0.08/turn

%: no passive effects
@: no status effects
A: sickness immunity, AC +2, negative energy resistance 1, electricity
resistance, torment resistance 1, petrification resistance
a: no special abilities


You were on level 1 of the Dungeon.
You visited 1 branch of the dungeon, and saw 2 of its levels.

You collected 67 gold pieces.

Inventory:

Hand Weapons
 a - a +0 flail (weapon)
Missiles
 e - 5 boomerangs (quivered)
Armour
 b - a +0 scale mail (worn)
 c - a +0 buckler (worn)
 f - a +0 pair of gloves (worn)
Scrolls
 h - a scroll of teleportation {unknown}
Potions
 d - a potion of might
 g - a potion of haste {unknown}


   Skills:
 + Level 3.6 Fighting
 + Level 2.2 Maces & Flails
 + Level 3.5 Armour
 + Level 0.2 Dodging
 + Level 3.5 Shields


You had one spell level left.
You didn't know any spells.
Your spell library was empty.

Dungeon Overview and Level Annotations

Branches:
Dungeon (2/15)

Altars:


Innate Abilities, Weirdness & Mutations

You are immune to sickness and miasma.
Your stone body is resilient. (AC +2)
You are immune to poison.
You resist negative energy. (rN+)
You are resistant to electric shocks. (rElec)
You are resistant to unholy torment.
You are immune to petrification.


Message History

You are too injured to fight recklessly!
You are too injured to fight recklessly!
You are too injured to fight recklessly!
You are too injured to fight recklessly!
You are too injured to fight recklessly!
You are too injured to fight recklessly!
You are too injured to fight recklessly!
You are too injured to fight recklessly!
You are too injured to fight recklessly!
You are too injured to fight recklessly!
The quokka bites you.
There is a stone staircase leading up here.
The kobold closely misses you. The quokka bites you.
You climb upwards.
There is a stone staircase leading down here.
You hit the quokka.
The quokka is severely wounded.
The kobold hits you but does no damage. The quokka bites you.
* * * LOW HITPOINT WARNING * * *
You block the kobold's attack.
You miss the quokka.
The quokka is severely wounded.
The quokka bites you but does no damage.
The quokka closely misses you. The kobold barely misses you.
You closely miss the quokka.
The quokka is heavily wounded.
The quokka barely misses you. The kobold hits you with a +0 whip.
* * * LOW HITPOINT WARNING * * *
The quokka bites you but does no damage.
You hit the kobold.
The kobold is severely wounded.
The kobold closely misses you.
The quokka bites you but does no damage.
The kobold hits you but does no damage.
You sock the kobold!
You kill the kobold!
The quokka bites you but does no damage.
The quokka closely misses you. The quokka bites you.
You die...

#...##.#.....)........#.........
#.............).......#.....##.#
#.............).................
#..........................###.#
#..........................#...#
#............................#..
#.#####.#...#####............#..
#.# #.#..## ##...........#....
### #....# #@.........##.....
#####..#.####>r......###..#...
#......#............###..##...
##....#.....##.#.....÷.........
#..........................#...
#.......###.............##.....
#............##........#####...
#.......###....#.......# #...
##.....## #..........### ###.


You could see a quokka.

Vanquished Creatures
  A dart slug (D:1)
  An endoplasm (D:1)
  A giant cockroach (D:1)
  A goblin (D:1)
  2 hobgoblins (D:1)
  2 kobolds (D:1)
  A quokka (D:1)
  4 ball pythons (D:1)
  A bat (D:1)
  A frilled lizard (D:1)
  A rat (D:1)
16 creatures vanquished.

Notes
Turn   | Place    | Note
-------+----------+-------------------------------------------
     0 | D:1      | AdnanSaban the Gargoyle Fighter began the quest for the
                  | Orb.
     0 | D:1      | Reached XP level 1. HP: 14/14 MP: 1/1
   150 | D:1      | Reached XP level 2. HP: 17/19 MP: 2/2
   509 | D:1      | Slain by a quokka

Illustrated notes

Levels and vault maps discovered:
D:1:      spicycebolla_arrival_xxxplode, layout_rooms
D:2:      layout_rooms, uniq_jessica, uniq_robin

Action                     || total
---------------------------++-------
  Melee: Flail             ||    47
 Armour: Scale mail        ||    29
  Dodge: Dodged            ||    26
  Block: Buckler           ||    14

Table legend: (Time is in decaauts)
 A = Elapsed time spent in this place.
 B = Non-inter-level travel time spent in this place.
 C = Inter-level travel time spent in this place.
 D = Time resting spent in this place.
 E = Time spent auto-exploring this place.
 F = Levels seen in this place.
 G = Mean time per level.
                   A        B        C        D        E       F      G
               +--------+--------+--------+--------+--------+-----+--------+
         Total |    525 |    465 |     60 |      0 |    350 |   2 |  262.5 |
       Dungeon |    525 |    465 |     60 |      0 |    350 |   2 |  262.5 |
               +--------+--------+--------+--------+--------+-----+--------+

Top non-repeatable levels by time:
     D:1: 515 daAuts
     D:2: 10 daAuts
